 Dungeon Crawl Stone Soup version 0.30.0-29-ga12c61a403 (webtiles) character file.

Game seed: 15218625954967612902

1568 monsoonserge the Destroyer (level 8, -6/62 HPs)
             Began as a White Draconian Conjurer on June 4, 2023.
             Mangled by a two-headed ogre
             ... wielding a +0 giant club
              (25 damage)
             ... on level 6 of the Dungeon.
             The game lasted 00:19:47 (6107 turns).

monsoonserge the Destroyer (DrCj)                   Turns: 6107, Time: 00:19:48

Health: -6/62      AC:  9    Str: 10    XL:     8   Next: 59%
Magic:  5/14       EV: 18    Int: 20    God:
Gold:   263        SH:  0    Dex: 10    Spells: 4/15 levels left

rFire   . . .        r - +1 dagger (venom)
rCold   + . .        (no shield)
rNeg    . . .        (body armour unavailable)
rPois   .            (helmet restricted)
rElec   .            z - +0 cloak
rCorr   .            o - +1 Delatra's gloves {ID++}
SInv    .            (no boots)
Will    .....        v - amulet of the acrobat
Stlth   ++           f - ring of wizardry
HPRegen 0.30/turn    J - +5 ring of evasion
MPRegen 0.14/turn

%: acrobat, wizardry (x1)
@: no status effects
A: breathe frost, AC +6, unfitting armour, cold resistance 1, cold-blooded
a: Breathe Frost


You were on level 6 of the Dungeon.
You visited 1 branch of the dungeon, and saw 6 of its levels.
You also visited: Ossuary.

You collected 263 gold pieces.

Inventory:

Hand Weapons
 r - a +1 dagger of venom (weapon)
Missiles
 c - 58 stones
 G - 4 poisoned darts (quivered)
Armour
 o - the +1 Delatra's gloves (worn) {ID++}
   (You found it on level 2 of the Dungeon)

   ID++:      It heals its wearer when they drink unknown potions, and restores
   their MP when they read unknown scrolls.
 z - a +0 cloak (worn)
Jewellery
 f - a ring of wizardry (left hand)
 v - an amulet of the acrobat (around neck)
 J - a +5 ring of evasion (right hand)
Wands
 l - a wand of flame (20)
 w - a wand of paralysis (10)
 C - a wand of digging (5)
 I - a wand of roots (6)
Scrolls
 d - a scroll of acquirement {unknown}
 e - 5 scrolls of vulnerability {unknown}
 g - 4 scrolls of poison {unknown}
 i - a scroll of brand weapon {unknown}
 k - 3 scrolls of enchant armour {unknown}
 m - 2 scrolls of amnesia {unknown}
 n - 2 scrolls of enchant weapon {unknown}
 p - 8 scrolls of identify {unknown}
 q - a scroll of fog {unknown}
 u - 2 scrolls of magic mapping {unknown}
 y - a scroll of fear {unknown}
 A - a scroll of blinking {unknown}
 B - a scroll of teleportation {unknown}
Potions
 a - 2 potions of magic
 b - a potion of resistance {unknown}
 h - a potion of brilliance {unknown}
 j - a potion of mutation {unknown}
 s - 3 potions of curing {unknown}
 t - 2 potions of berserk rage {unknown}
 x - a potion of might {unknown}
 D - a potion of lignification {unknown}
 E - 2 potions of heal wounds {unknown}
 F - a potion of attraction {unknown}
 H - a potion of flight {unknown}


   Skills:
 + Level 2.5 Fighting
 + Level 2.7 Short Blades
 - Level 1.0 Maces & Flails
 + Level 4.7 Dodging
 - Level 2.0 Stealth
 - Level 4.0 Spellcasting
 + Level 8.0 Conjurations
 - Level 2.0 Hexes
 - Level 2.0 Translocations


You had 4 spell levels left.
You knew the following spells:

 Your Spells              Type           Power      Damage    Failure   Level
a - Magic Dart            Conj           100%       1d8       1%          1
b - Searing Ray           Conj           72%        2d7       1%          2
c - Fulminant Prism       Conj/Hex       12%        3d9       6%          4
d - Iskenderun's Mystic   Conj/Tloc      24%        2d7       6%          4

Your spell library contained the following spells:

 Spells                   Type           Power      Damage    Failure   Level
 Dazzling Flash           Conj/Hex       48%        N/A       1%          3
 Confusing Touch          Hex            12%        N/A       7%          3
 Sticky Flame             Conj/Fire      20%        2d4       10%         4
 Ignite Poison            Fire/Tmut/Pois 4%         N/A       16%         3
 Monstrous Menagerie      Summ           2%         N/A       100%        7
 Discord                  Hex            6%         N/A       100%        8
 Ignition                 Fire           2%         3d3       100%        8


Dungeon Overview and Level Annotations

Branches:
Dungeon (6/15)            Ossuary (visited)
 Temple: D:4-7

Altars:
Elyvilon
Qazlal
Ru
Wu Jian
Xom

Annotations:
D:5 2 transporters, Bobsterar's ghost, novice MiFi


Innate Abilities, Weirdness & Mutations

You can breathe waves of freezing cold which knock back foes.
Your icy white scales are hard. (AC +6)
You cannot fit into any form of body armour.
Your flesh is cold resistant. (rC+)
You are cold-blooded and may be slowed by cold attacks.


Message History

Press: ? - help, Shift-Dir - straight line, f/p - two-headed ogre
Aim: a two-headed ogre, wielding two +0 giant clubs (heavily wounded, 91% to hit)
The searing ray hits the two-headed ogre.
The two-headed ogre is heavily wounded. (Press . to maintain the ray.)
The searing ray hits the two-headed ogre!
The two-headed ogre is severely wounded.
The two-headed ogre misses you.
The two-headed ogre completely misses you.
The searing ray hits the two-headed ogre.
The two-headed ogre is severely wounded.
The two-headed ogre barely misses you. x2
The searing ray hits the two-headed ogre!
The two-headed ogre is almost dead.
You finish channelling your searing ray.
You barely miss the two-headed ogre.
The two-headed ogre is almost dead.
The two-headed ogre misses you.
The two-headed ogre completely misses you.
You barely miss the two-headed ogre.
The two-headed ogre is almost dead.
You hit the two-headed ogre but do no damage.
The two-headed ogre is poisoned.
You punch the two-headed ogre, but do no damage.
The two-headed ogre is almost dead.
The two-headed ogre hits you with a +0 giant club!!
The two-headed ogre closely misses you.
You hit the two-headed ogre.
The two-headed ogre is almost dead.
The two-headed ogre closely misses you.
The two-headed ogre hits you with a +0 giant club!
You hit the two-headed ogre.
The two-headed ogre looks as sick as possible!
The two-headed ogre is almost dead.
You completely miss the two-headed ogre.
You tail-slap the two-headed ogre.
The two-headed ogre is almost dead.
The two-headed ogre hits you with a +0 giant club!
The two-headed ogre hits you with a +0 giant club!!
You die...

#.##############
#..............# ##
#.############.# ## ..
#.# #.# .... #.# #.#
.#. #.# #.##.. #.#
#.#.. ..# ########.#O#
### #........#@# #
#.########.### #
#.#..........# #
#.#.######.#.#
#######.#.######.#.##
.................. .
........#........#.##
###.##############.####
.. ...............


You could see a two-headed ogre (extremely poisoned).

Vanquished Creatures
  Prince Ribbit (D:5)
  A water moccasin (D:5)
  A black bear (D:5)
  A centaur (D:4)
  2 phantoms
  Blork the orc (D:5)
  2 scorpions
  A bullfrog (D:5)
  3 water moccasin zombies (Ossuary)
  2 hounds
  A jelly (D:4)
  Ijyb (D:5)
  6 iguanas
  An orc wizard (D:2)
  2 mummies (Ossuary)
  5 adders
  8 gnolls
  A shadow imp (D:5)
  3 adder zombies (Ossuary)
  3 worms
  3 dart slugs
  6 orcs
  7 ball pythons
  5 bats
  5 endoplasms
  3 giant cockroaches
  3 gnoll zombies (Ossuary)
  6 goblins
  6 hobgoblins
  5 quokkas
  4 frilled lizards
  2 hobgoblin zombies (Ossuary)
  7 kobolds
  3 kobold zombies (Ossuary)
  4 orc zombies (Ossuary)
  6 rats
121 creatures vanquished.

Vanquished Creatures (others)
  2 fulminant prisms (D:3)
2 creatures vanquished.

Grand Total: 123 creatures vanquished

Notes
Turn   | Place    | Note
-------+----------+-------------------------------------------
     0 | D:1      | monsoonserge the Draconian Conjurer began the quest for the
                  | Orb.
     0 | D:1      | Reached XP level 1. HP: 14/14 MP: 3/3
   312 | D:1      | Reached XP level 2. HP: 20/20 MP: 3/5
   327 | D:1      | Learned a level 2 spell: Searing Ray
  1129 | D:2      | Reached XP level 3. HP: 21/26 MP: 0/6
  1231 | D:2      | Found the +1 Delatra's gloves {ID++}
  1238 | D:2      | Reached skill level 5 in Conjurations
  1416 | D:2      | Reached XP level 4. HP: 34/34 MP: 3/7
  1526 | D:2      | Reached skill level 1 in Maces & Flails
  2391 | D:3      | Learned a level 4 spell: Fulminant Prism
  2404 | D:3      | Reached XP level 5. HP: 36/39 MP: 2/8
  2465 | D:3      | Found a stormy altar of Qazlal.
  2648 | D:3      | Reached skill level 1 in Hexes
  2798 | D:3      | Found a white marble altar of Elyvilon.
  3088 | D:4      | Reached skill level 1 in Fighting
  3242 | D:4      | Noticed a centaur
  3465 | D:4      | Found a sacrificial altar of Ru.
  3470 | D:4      | Got the Volume of the Assembled Sphinx
  3510 | D:4      | Killed a centaur
  3511 | D:4      | Reached skill level 6 in Conjurations
  3511 | D:4      | Reached XP level 6. HP: 40/47 MP: 2/10
  3517 | D:4      | Learned a level 4 spell: Iskenderun's Mystic Blast
  4113 | D:4      | Reached skill level 1 in Translocations
  4306 | D:5      | Entered Level 5 of the Dungeon
  4311 | D:5      | Your scales start taking on an icy white colour.
  4311 | D:5      | Reached XP level 7. HP: 52/52 MP: 7/12
  4311 | D:5      | Gained mutation: Your flesh is cold resistant. (rC+) [White
                  | Draconian growth]
  4321 | D:5      | Reached skill level 1 in Short Blades
  4387 | D:5      | Found a sand-covered staircase.
  4430 | Ossuary  | Entered an ossuary
  4875 | D:5      | Reached skill level 7 in Conjurations
  4875 | D:5      | Found an ornate altar of the Wu Jian Council.
  4990 | D:5      | Noticed Blork the orc
  4994 | D:5      | Reached XP level 8. HP: 57/61 MP: 5/14
  4997 | D:5      | Killed Blork the orc
  5365 | D:5      | Noticed Ijyb
  5374 | D:5      | Killed Ijyb
  5511 | D:5      | Noticed Bobsterar's ghost (novice MiFi)
  5526 | D:5      | Found a transporter.
  5557 | D:5      | Identified the +5 spear of Analysis {venom, rPois rC-
                  | rCorr}
  5557 | D:5      | Identified the +6 ring mail "Gaessor" {rF+}
  5588 | D:5      | Found a transporter.
  5708 | D:5      | Found a shimmering blue altar of Sif Muna.
  5710 | D:5      | Found a glowing golden altar of the Shining One.
  5710 | D:5      | Found a stormy altar of Qazlal.
  5714 | D:5      | Found a radiant altar of Vehumet.
  5714 | D:5      | Found a shimmering altar of Xom.
  5714 | D:5      | Found a glowing silver altar of Zin.
  5715 | D:5      | Noticed Prince Ribbit
  5744 | D:5      | Killed Prince Ribbit
  5745 | D:5      | Reached skill level 8 in Conjurations
  6093 | D:6      | Noticed a two-headed ogre
  6107 | D:6      | Mangled by a two-headed ogre

Illustrated notes

Levels and vault maps discovered:
D:1:      wander_arrival_chamber, layout_loops_ring, st_stairs_7,
          chequers_mini_garden, minivault_26
D:2:      layout_loops_ring, pf_guarded_unrand_delatra
D:3:      layout_basic, elyvilon_altar_1, mainiacjoe_overflow_cross_hatched
D:4:      layout_cave_pods, hangedman_ru_absence
D:5:      layout_loops_ring, doesnt_xom_only_xom, overflow_temple_1_default,
          nicolae_ossuary_entry_false_entrances, gammafunk_ghost_gnarly_gnolls,
          uniq_blork_the_orc, uniq_ijyb, uniq_prince_ribbit1
D:6:      layout_basic, chequers_temple_overflow_statue_of_worship,
          temple_fountains, gammafunk_ghost_necromancy, nrook_mini_vaults,
          hangedman_feature_mirror, uniq_maggie

Skill      XL: |  1  2  3  4  5  6  7  8 |
---------------+-------------------------+-----
Dodging        | 2 3 4 |  4.7
Stealth        | 2 |  2.0
Conjurations   | 5 6 7 8 |  8.0
Maces & Flails | 1 |  1.0
Hexes          | 1 2 |  2.0
Fighting       | 1 2 |  2.5
Spellcasting   | 3 4 |  4.0
Translocations | 1 2 |  2.0
Short Blades   | 1 2 |  2.7

Action                     |  1- 3 |  4- 6 |  7- 9 || total
---------------------------+-------+-------+-------++-------
  Melee: Unarmed           |    13 |       |       ||    13
         Club              |    11 |       |       ||    11
         Tailslap          |     6 |     5 |     7 ||    18
         Whip              |    34 |     8 |       ||    42
         Dagger            |       |    70 |    58 ||   128
         Punch             |       |       |     2 ||     2
  Throw: Dart              |       |       |     1 ||     1
   Cast: Magic Dart        |    19 |     4 |     1 ||    24
         Searing Ray       |    10 |    24 |    30 ||    64
         Fulminant Prism   |       |     2 |       ||     2
         Iskenderun's Myst |       |       |     1 ||     1
   Stab: Sleeping          |     2 |     1 |       ||     3
 Armour: Skin              |    13 |    25 |    20 ||    58
  Dodge: Dodged            |    36 |    68 |    73 ||   177
